 Dungeon Crawl Stone Soup version 0.20-a0-540-ge6d1839 (webtiles) character file.

403 ChocoNymphy the Ruffian (level 6, -3/55 HPs)
             Began as a Troll Summoner on Jan 30, 2017.
             Was an Initiate of Sif Muna.
             Slain by an iguana (11 damage)
             ... on level 3 of the Dungeon.
             The game lasted 00:15:16 (4000 turns).

ChocoNymphy the Ruffian (Troll Summoner)            Turns: 4000, Time: 00:15:16

Health: -3/55      AC:  5    Str: 17    XL:     6   Next: 55%
Magic:  7/7        EV:  5    Int: 13    God:    Sif Muna [......]
Gold:   199        SH: 10    Dex: 10    Spells: 0/7 levels left

rFire    . . .     SeeInvis .     - Unarmed
rCold    . . .     Gourm    +   a - +0 robe
rNeg     . . .     Faith    .   y - +0 large shield
rPois    .         Spirit   .   (helmet restricted)
rElec    .         Reflect  .   (no cloak)
rCorr    +         Harm     .   (gloves unavailable)
MR       .....                  (boots unavailable)
Stlth    +.........             o - amulet of rage
Regen    0.6/turn               (no ring)
                                n - ring of resist corrosion

@: very slightly contaminated
A: unfitting armour, claws 3, fast metabolism 3, gourmand, regeneration 1,
shaggy fur 1, tough skin 2
a: Renounce Religion, Evoke Berserk Rage


You were on level 3 of the Dungeon.
You worshipped Sif Muna.
Sif Muna was noncommittal.
You were not hungry.

You visited 1 branch of the dungeon, and saw 4 of its levels.

You collected 199 gold pieces.

Inventory:

Hand Weapons
 g - a +0 hunting sling
Missiles
 e - 23 bolts
 k - 4 javelins (quivered)
 s - 5 needles of confusion
Armour
 a - a +0 robe (worn)
 y - a +0 large shield (worn)
Magical Staves
 l - an uncursed staff of air
Jewellery
 n - a ring of resist corrosion (left claw)
 o - an amulet of rage (around neck)
Scrolls
 d - 3 scrolls of magic mapping {unknown}
 j - a scroll of blinking {unknown}
 q - a scroll of enchant armour {unknown}
 t - a scroll of teleportation {unknown}
 w - a scroll of fear {unknown}
 x - a scroll of remove curse {unknown}
Potions
 p - a potion of might
 r - a potion of mutation {unknown}
 v - a potion of flight
Books
 b - a book of Callings

   Spells                             Type                      Level
   a - Summon Small Mammal            Summoning                    1
   b - Call Imp                       Summoning                    2
   c - Call Canine Familiar           Summoning                    3
   d - Summon Guardian Golem          Hexes/Summoning              3
   e - Summon Lightning Spire         Summoning/Air                4
   f - Summon Ice Beast               Ice/Summoning                4
 m - a book of Changes

   Spells                             Type                      Level
   a - Beastly Appendage              Transmutation                1
   b - Sticks to Snakes               Transmutation                2
   c - Spider Form                    Transmutation/Poison         3
   d - Ice Form                       Ice/Transmutation            4
   e - Blade Hands                    Transmutation                5
 u - a book of Minor Magic

   Spells                             Type                      Level
   a - Magic Dart                     Conjuration                  1
   b - Blink                          Translocation                2
   c - Call Imp                       Summoning                    2
   d - Repel Missiles                 Charms/Air                   2
   e - Slow                           Hexes                        2
   f - Conjure Flame                  Conjuration/Fire             3
   g - Mephitic Cloud                 Conjuration/Poison/Air       3
Comestibles
 c - 6 bread rations
 f - 3 royal jellies
 h - 2 meat rations
 i - 8 fruits


   Skills:
 + Level 1.2 Fighting
 + Level 0.3 Throwing
 + Level 3.0 Dodging
 + Level 1.2 Stealth
 + Level 4.3 Unarmed Combat
 + Level 1.4 Spellcasting
 + Level 3.6 Summonings


You couldn't memorise any spells.
You knew the following spells:

 Your Spells              Type           Power        Failure   Level  Hunger
a - Summon Small Mammal   Summ           ##..         98%         1    ##.....
b - Beastly Appendage     Tmut           #.....       100%        1    ##.....
c - Call Canine Familiar  Summ           ##......     100%        3    ####...
d - Call Imp              Summ           ##......     99%         2    ###....


Dungeon Overview and Level Annotations

Branches:
Dungeon (4/15)
 Temple: D:4-7

Altars:
Nemelex Xobeh
Sif Muna
Vehumet
Xom
The Shining One


Innate Abilities, Weirdness & Mutations

You are too large for most types of armour.
You have claws for hands.
Your metabolism is lightning-fast.
You like to eat raw meat.
Your natural rate of healing is unusually fast.
You are covered in fur. (AC +1)
You have very tough skin. (AC +2)


Message History

You block the iguana's attack.
There is a stone staircase leading up here.
The chaos spawn gores you but does no damage.
The iguana bites you.
* * * LOW HITPOINT WARNING * * *
You climb upwards.
There is a stone staircase leading down here.
You barely miss the iguana. The iguana bites you.
* * * LOW HITPOINT WARNING * * *
You closely miss the iguana. The iguana barely misses you.
You closely miss the iguana. The iguana bites you.
* * * LOW HITPOINT WARNING * * *
You completely miss the iguana. You block the iguana's attack.
You closely miss the iguana. You block the iguana's attack.
You scratch the iguana but do no damage.
The iguana bites you but does no damage.
You claw the iguana!
The iguana is almost dead.
The iguana bites you!
You die...

#...................<...)_...
#....#######....########⌠.⌠..
#..<....##...##..............
####....).....#######....#..)
#...................#######
#............########
#............# ##.......l^.##
##...##..@## ##########


You could see an iguana.

Vanquished Creatures
  A scorpion (D:4)
  A hound (D:4)
  2 worker ants (D:4)
  Terence (D:2)
  A hound skeleton (D:4)
  4 gnolls (D:2)
  10 adders
  2 oozes (D:1)
  2 worms (D:4)
  4 dart slugs
  4 leopard geckos
  4 orcs
  A ball python (D:1)
  3 giant cockroaches (D:1)
  13 goblins
  12 hobgoblins
  4 jackals (D:1)
  A quokka (D:4)
  4 bats
  3 frilled lizards
  A jackal skeleton (D:4)
  15 kobolds
  A leopard gecko skeleton (D:4)
  4 rats
98 creatures vanquished.

Notes
Turn   | Place    | Note
-------+----------+-------------------------------------------
     0 | D:1      | ChocoNymphy the Troll Summoner began the quest for the Orb.
     0 | D:1      | Reached XP level 1. HP: 16/16 MP: 1/1
   157 | D:1      | Reached XP level 2. HP: 24/24 MP: 2/2
   158 | D:1      | Found a shimmering altar of Xom.
   665 | D:1      | Reached XP level 3. HP: 31/31 MP: 3/3
   883 | D:1      | Reached skill level 1 in Unarmed Combat
  1071 | D:2      | Found a radiant altar of Vehumet.
  1227 | D:2      | Noticed Terence
  1246 | D:2      | Killed Terence
  1246 | D:2      | Reached XP level 4. HP: 16/40 MP: 5/5
  1534 | D:2      | Reached skill level 2 in Unarmed Combat
  1947 | D:2      | Reached XP level 5. HP: 44/46 MP: 6/6
  2426 | D:2      | Learned a level 1 spell: Beastly Appendage
  2430 | D:2      | Learned a level 3 spell: Call Canine Familiar
  2582 | D:3      | Reached skill level 3 in Unarmed Combat
  2631 | D:3      | Reached skill level 1 in Fighting
  2726 | D:3      | You fall through a shaft!
  2733 | D:4      | Found a glowing golden altar of the Shining One.
  3049 | D:3      | Reached XP level 6. HP: 52/55 MP: 7/7
  3057 | D:3      | Learned a level 2 spell: Call Imp
  3057 | D:3      | Found a sparkling altar of Nemelex Xobeh.
  3550 | D:4      | Reached skill level 4 in Unarmed Combat
  3810 | D:4      | Found a deep blue altar of Sif Muna.
  3813 | D:4      | Became a worshipper of Sif Muna the Loreminder
  3982 | D:4      | Noticed a chaos spawn
  4000 | D:3      | Slain by an iguana

Vault maps used:
D:1:      scummos_arrival_gate, minmay_misc_feat_chi, xom_teletrap_fun
D:2:      lemuel_crystal_altar, uniq_terence
D:3:      corexii_shack_village, nemelex_xobeh_ov_fountains_minmay
D:4:      lemuel_crystal_altar, lemuel_blue_sif_altar

Skill      XL: |  1  2  3  4  5  6 |
---------------+-------------------+-----
Summonings     | 3 |  3.6
Unarmed Combat | 1 2 3 4 |  4.3
Dodging        | 2 3 |  3.0
Fighting       | 1 |  1.2
Throwing       | |  0.3
Stealth        | |  1.2
Spellcasting   | |  1.4

Action                   |  1- 3 |  4- 6 || total
-------------------------+-------+-------++-------
Melee: Unarmed           |   113 |   223 ||   336
       Punch             |       |     3 ||     3
Throw: Javelin           |       |     3 ||     3
 Cast: Summon Small Mamm |     5 |       ||     5
       Call Imp          |       |     1 ||     1
  Use: Potion            |     1 |     3 ||     4
       Scroll            |       |     4 ||     4
 Stab: Sleeping          |     1 |     1 ||     2
  Eat: Chunk             |    13 |    22 ||    35
Armor: Robe              |    42 |    63 ||   105
Dodge: Dodged            |    75 |    92 ||   167
Block: Large shield      |       |    13 ||    13
